 Dungeon Crawl Stone Soup version 0.16-a0-3215-g5dfac0e (webtiles) character file.

60 PolkaDot the Sneak (level 3, 0/26 HPs)
             Began as a Vampire Summoner on Dec 20, 2014.
             Slain by an orc
             ... wielding a +0 mace
              (7 damage)
             ... on level 3 of the Dungeon.
             The game lasted 00:04:25 (1708 turns).

PolkaDot the Sneak (Vampire Summoner)               Turns: 1708, Time: 00:04:25

Health: 0/26       AC:  3    Str: 11    XL:     3   Next: 82%
Magic:  6/6        EV: 12    Int: 18    God:
Gold:   144        SH:  0    Dex: 14    Spells: 3 memorised, 0 levels left

rFire  + . .     SeeInvis +     e - -2 dagger (curse)
rCold  . . .     Clarity  .     i - +0 leather armour {rF+}
rNeg   . . .     SustAb   .     (no shield)
rPois  .         Gourm    .     (no helmet)
rElec  .         Spirit   .     (no cloak)
rCorr  .         Warding  .     (no gloves)
rMut   .         Stasis   .     (no boots)
MR     .....                    (no amulet)
Stlth  +++.......               (no ring)
                                m - +4 ring of strength

@: regenerating very quickly, not resistant to hostile enchantments, fairly
stealthy
A: bottle blood, fangs 3, see invisible, unbreathing
a: no special abilities


You were on level 3 of the Dungeon.
You were almost alive.

You visited 1 branch of the dungeon, and saw 3 of its levels.

You collected 144 gold pieces.

Inventory:

Hand weapons
 e - a cursed -2 dagger (weapon)
Missiles
 g - a throwing net (quivered)
Armour
 i - a +0 leather armour of fire resistance (worn)
Jewellery
 m - a +4 ring of strength (left hand)
Scrolls
 d - a scroll of identify
 h - a scroll of magic mapping {unknown}
 j - a scroll of fear
 k - a scroll of amnesia {unknown}
 l - 2 scrolls of remove curse {unknown}
Potions
 a - 2 potions of agility
 c - a potion of restore abilities
 f - 3 potions of blood {@*1}
Books
 b - a book of Callings

   Spells                             Type                      Level
   a - Summon Small Mammal            Summoning                    1
   b - Call Imp                       Summoning                    2
   c - Call Canine Familiar           Summoning                    3
   d - Summon Guardian Golem          Hexes/Summoning              4
   e - Summon Lightning Spire         Summoning/Air                4
   f - Summon Ice Beast               Ice/Summoning                4


   Skills:
 - Level 1.4 Fighting
 * Level 2.3 Short Blades
 - Level 2.1 Dodging
 + Level 4.2 Stealth
 - Level 2.0 Spellcasting
 + Level 4.0 Summonings


You couldn't memorise any spells.
You knew the following spells:

 Your Spells              Type           Power        Failure   Level  Hunger
d - Call Canine Familiar  Summ           ###.....     12%         3    ###....
s - Call Imp              Summ           ###.....     6%          2    ###....
z - Summon Small Mammal   Summ           ###.         3%          1    #......


Dungeon Overview and Level Annotations

Branches:
Dungeon (3/15)

Altars:
Ru


Innate Abilities, Weirdness & Mutations

Your natural rate of healing is extremely fast.
You can bottle blood from corpses.
You have razor-sharp teeth.
You have supernaturally acute eyesight.
You can survive without breathing.


Message History

The ball python constricts you.
You hit the ball python.
The ball python is severely wounded.
The ball python bites you but does no damage.
* * * LOW HITPOINT WARNING * * *
The ball python constricts you. The orc hits you with a mace.
* * * LOW HITPOINT WARNING * * *
The ball python bites you but does no damage.
* * * LOW HITPOINT WARNING * * *
The ball python constricts you.
You barely miss the ball python. Your bite misses the ball python.
The ball python is severely wounded.
The orc barely misses you.
The ball python bites you but does no damage.
* * * LOW HITPOINT WARNING * * *
The ball python constricts you.
You hit the ball python.
You kill the ball python!
The orc hits you with a mace!
You die...

### #.. #.##### #.##..
#[##.# $##
########.##.#######...
.......†................
#.....o@.##.##........#
.......#...#.##.#....###
#.### #...#.#.[.....#...
#####.##..##..#.##
..##......#.#.
##########......#.#.
#...............#.#.
#.#########.......##
#......####.##......


You could see an orc.

Vanquished Creatures
  3 adders
  2 giant geckos
  An ooze (D:1)
  A ball python (D:3)
  2 giant cockroaches
  7 goblins
  4 hobgoblins
  4 kobolds
  2 bats
  A giant newt (D:2)
  8 rats
35 creatures vanquished.

Vanquished Creatures (collateral kills)
  A gnoll (D:1)
1 creature vanquished.

Grand Total: 36 creatures vanquished

Notes
Turn   | Place    | Note
--------------------------------------------------------------
     0 | D:1      | PolkaDot, the Vampire Summoner, began the quest for the Orb.
     0 | D:1      | Reached XP level 1. HP: 13/13 MP: 3/3
    86 | D:1      | Reached skill level 1 in Fighting
   266 | D:1      | Reached XP level 2. HP: 18/21 MP: 4/4
   677 | D:1      | Reached skill level 1 in Short Blades
  1068 | D:2      | Reached XP level 3. HP: 26/26 MP: 6/6
  1074 | D:2      | Learned a level 2 spell: Call Imp
  1078 | D:2      | Learned a level 3 spell: Call Canine Familiar
  1305 | D:2      | Found a sacrificial altar of Ru.
  1708 | D:3      | Slain by an orc

Action                   || total
-------------------------++-------
Melee: Unarmed           ||    30
       Dagger            ||   153
Throw: Throwing net      ||     1
 Cast: Summon Small Mamm ||     7
       Call Imp          ||     3
  Use: Potion            ||    12
       Scroll            ||     3
 Stab: Sleeping          ||     8
       Distracted        ||     1
  Eat: Corpse            ||     6
